 Dungeon Crawl Stone Soup version 0.21-a0-632-g1e37ce5 (webtiles) character file.

55 KristoblXynda the Cutter (level 4, -1/26 HPs)
             Began as a Kobold Skald on Dec 27, 2017.
             Slain by a goblin (3 damage)
             ... on level 2 of the Dungeon.
             The game lasted 00:02:08 (1784 turns).

KristoblXynda the Cutter (Kobold Skald)             Turns: 1784, Time: 00:02:08

Health: -1/26      AC:  3    Str:  8    XL:     4   Next: 14%
Magic:  7/7        EV: 15    Int: 15    God:
Gold:   71         SH:  0    Dex: 14    Spells: 6/7 levels left

rFire    + . .     SeeInvis .   a - +0 short sword
rCold    . . .     Gourm    .   (shield restricted)
rNeg     . . .     Faith    .   b - +0 leather armour
rPois    .         Spirit   .   (no helmet)
rElec    .         Reflect  .   (no cloak)
rCorr    .         Harm     .   (no gloves)
MR       +....     Rnd*Rage +   (no boots)
Stlth    +.........             (no amulet)
HPRegen  0.08/turn              m - ring of protection from fire
MPRegen  0.10/turn              (no ring)

@: lethally poisoned (-1 -> -4), hasted, very quick
A: small, berserk 2, carnivore, magic resistance 1
a: no special abilities


You were on level 2 of the Dungeon.
You were very full.

You visited 1 branch of the dungeon, and saw 2 of its levels.

You collected 71 gold pieces.

Inventory:

Hand Weapons
 a - a +0 short sword (weapon)
Armour
 b - a +0 leather armour (worn)
Jewellery
 m - a ring of protection from fire (left hand)
Scrolls
 e - 4 scrolls of identify {unknown}
 h - a scroll of magic mapping {unknown}
 j - a scroll of remove curse {unknown}
Potions
 f - a potion of agility {unknown}
 i - a potion of flight {unknown}
 l - a potion of berserk rage {unknown}
Books
 c - a book of Battle

   Spells                             Type                      Level
   a - Infusion                       Charms                       1
   b - Shroud of Golubria             Charms/Translocation         2
   c - Song of Slaying                Charms                       2
   d - Spectral Weapon                Hexes/Charms                 3
   e - Regeneration                   Charms/Necromancy            3
Comestibles
 d - 3 rations


   Skills:
 - Level 2.1 Fighting
 + Level 3.8 Short Blades
 - Level 0.7 Armour
 + Level 3.4 Dodging
 - Level 2.1 Spellcasting
 + Level 3.0 Charms


You had 6 spell levels left.
You knew the following spells:

 Your Spells              Type           Power        Failure   Level  Hunger
a - Infusion              Chrm           ##..         9%          1    #......


Dungeon Overview and Level Annotations

Branches:
Dungeon (2/15)

Altars:
Elyvilon
Xom


Innate Abilities, Weirdness & Mutations

You are small and have problems with some larger weapons.
You are carnivorous and can eat meat at any time.
You often lose your temper in combat.
You are resistant to hostile enchantments. (MR+)


Message History

A kobold comes into view.
You closely miss the frilled lizard. You miss the frilled lizard.
The frilled lizard closely misses you.
The kobold moves out of view.
You hit the frilled lizard.
You kill the frilled lizard!
You miss the goblin. You closely miss the goblin.
You feel sick. The goblin barely misses you.
You barely miss the goblin. The goblin hits you.
* * * LOW HITPOINT WARNING * * *
You closely miss the goblin. You hit the goblin.
The goblin is severely wounded.
The goblin hits you.
* * * LOW HITPOINT WARNING * * *
It was a potion of mutation.
You feel extremely strange.
You feel a little pissed off.
You feel angry.
You feel resistant to hostile enchantments.
The goblin hits you.
You die...

#..........## #..
##...........# #..
#..........#.### #..
#._..⌠.._..#...## #..
#.........####..## #..
##(......## ##..###..
#.......# ##...... .
####...### ###.... ..
...#@## #.... Z..
##.#g###### #####.... ....
#..K......###.......# #.l.
##...................#
#r...#........<....######.#
#...............#..######.#
#....##.........##<.......)
..... ###.#.#########......
.... ##...# ##.#....


You could see a goblin and a kobold.

Vanquished Creatures
  3 adders (D:2)
  A dart slug (D:1)
  A giant cockroach (D:1)
  5 goblins
  4 hobgoblins
  3 bats
  6 frilled lizards
  2 kobolds (D:1)
  3 rats (D:1)
28 creatures vanquished.

Notes
Turn   | Place    | Note
-------+----------+-------------------------------------------
     0 | D:1      | KristoblXynda the Kobold Skald began the quest for the Orb.
     0 | D:1      | Reached XP level 1. HP: 12/12 MP: 3/3
   174 | D:1      | Reached XP level 2. HP: 9/17 MP: 5/5
  1178 | D:1      | Reached XP level 3. HP: 21/21 MP: 6/6
  1527 | D:2      | Found a shimmering altar of Xom.
  1529 | D:2      | Found a white marble altar of Elyvilon.
  1774 | D:2      | Reached XP level 4. HP: 6/26 MP: 7/7
  1784 | D:2      | Gained mutation: You tend to lose your temper in combat. [potion of mutation]
  1784 | D:2      | Gained mutation: You often lose your temper in combat. [potion of mutation]
  1784 | D:2      | Gained mutation: You are resistant to hostile enchantments. (MR+) [potion of mutation]
  1784 | D:2      | Slain by a goblin

Vault maps used:
D:1:      minmay_arrival_hallway
D:2:      grunt_temple_overflow_open, chequers_ecumenical_altar_island,
          minmay_hexomino_c4

Skill      XL: |  1  2  3 |
---------------+----------+-----
Short Blades   | 3 |  3.8
Dodging        | 3 |  3.4
Charms         | 3 |  3.0
Fighting       | |  2.1
Armour         | |  0.7
Spellcasting   | |  2.1

Action                   |  1- 3 |  4- 6 || total
-------------------------+-------+-------++-------
Melee: Short sword       |   111 |     9 ||   120
  Use: Potion            |     1 |     1 ||     2
 Stab: Sleeping          |     1 |       ||     1
  Eat: Chunk             |    10 |       ||    10
Armor: Leather armour    |    22 |       ||    22
Dodge: Dodged            |   107 |     3 ||   110

Table legend:
 A = Spawn XP
 B = Non-spawn XP
 C = Spawn XP percentage of total XP
 D = Spawn monster count
 E = Non-spawn monster count
 F = Spawn count percentage of total count
 G = Total turns spent on level
                    A         B        C        D         E        F      G
               +---------+---------+-------+---------+---------+-------+---------
         Total |       0 |      79 |   0.0 |       0 |      28 |   0.0 |  1784
               +---------+---------+-------+---------+---------+-------+---------
           D:1 |       0 |      31 |   0.0 |       0 |      19 |   0.0 |  1507
           D:2 |       0 |      48 |   0.0 |       0 |       9 |   0.0 |   277
               +---------+---------+-------+---------+---------+-------+---------
